 Dungeon Crawl Stone Soup version 0.28-a0-75-g15dc114455 (webtiles) character file.

Game seed: 277120006555746556

157885 Conn the Scorcher (level 17, -22/99 HPs)
             Began as an Octopode Fire Elementalist on Aug 2, 2021.
             Was an Elder of Sif Muna.
             Annihilated by Aizul (42 damage)
             ... on level 2 of the Snake Pit.
             The game lasted 02:22:51 (41991 turns).

Conn the Scorcher (Octopode Fire Elementalist)     Turns: 41991, Time: 02:22:51

Health: -22/99     AC:  1    Str:  7    XL:     17   Next: 41%
Magic:  47/51      EV: 23    Int: 38    God:    Sif Muna [****..]
Gold:   1498       SH:  0    Dex: 15    Spells: 6/40 levels left

rFire   + . .      SeeInvis .   L - +6 mace of Conn's Sudden Death {freeze, rF+ MP+9 Int+2 Stlth+}
rCold   + . .      Faith    .   (no shield)
rNeg    . . .      Spirit   .   (helmet restricted)
rPois   +          Reflect  +   W - amulet of reflection
rElec   +          Harm     .   d - ring of Puorgh {rElec EV+4 Int+4}
rCorr   +          Rampage  .   l - +6 ring of intelligence
Will    ++...                   y - ring of magical power
Stlth   ++++++....              A - ring of poison resistance
HPRegen 0.26/turn               O - +4 ring of evasion
MPRegen 0.32/turn               N - ring "Bomital" {rCorr Int+4}
                                T - ring of protection from cold
                                V - ring of willpower

@: sleeping, hasted
A: almost no armour, amphibious, 8 rings, camouflage 1, gelatinous body 1,
(nimble swimmer 1), tentacles
}: 1/15 runes: decaying
a: Renounce Religion, Channel Magic, Forget Spell, Divine Exegesis


You were on level 2 of the Snake Pit.
You worshipped Sif Muna.
Sif Muna was greatly pleased with you.
You visited 6 branches of the dungeon, and saw 27 of its levels.
You also visited: Ossuary and Volcano.

You collected 2909 gold pieces.
You spent 1411 gold pieces at shops.

Inventory:

Hand Weapons
 n - the +10 falchion "Dragonbane" {freeze, MP+9 Str+4 Dex+7}
   (You bought it in a shop on level 3 of the Dungeon)

   It freezes those it strikes, dealing additional cold damage.
   It can also slow down cold-blooded creatures.
   Str:       It affects your strength (+4).
   Dex:       It affects your dexterity (+7).
   MP:        It affects your magic capacity (+9).
 I - the +6 dire flail "Uhediw" {flame, rElec rPois rF+ rC-}
   (You found it on level 2 of the Lair of Beasts)

   It burns those it strikes, dealing additional fire damage.
   rF:        It protects you from fire.
   rC:        It makes you vulnerable to cold.
   rElec:     It insulates you from electricity.
   rPois:     It protects you from poison.
 L - the +6 mace of Conn's Sudden Death (weapon) {freeze, rF+ MP+9 Int+2 Stlth+}
   (You found it on level 5 of the Lair of Beasts)

   It freezes those it strikes, dealing additional cold damage.
   It can also slow down cold-blooded creatures.
   Int:       It affects your intelligence (+2).
   rF:        It protects you from fire.
   MP:        It affects your magic capacity (+9).
   Stlth:     It makes you more stealthy.
 U - the +6 flail of the Lair of Beasts {venom, Fly rElec rF++ rC-}
   (You found it on level 1 of the Swamp)

   It poisons the flesh of those it strikes.
   rF:        It greatly protects you from fire.
   rC:        It makes you vulnerable to cold.
   rElec:     It insulates you from electricity.
   Fly:       It grants you flight.
Missiles
 x - 3 throwing nets
Magical Staves
 u - a staff of poison
 S - a staff of air
Jewellery
 d - the ring of Puorgh (left tentacle) {rElec EV+4 Int+4}
   (You acquired it on level 5 of the Dungeon)

   [ring of evasion]

   EV:        It affects your evasion (+4).
   Int:       It affects your intelligence (+4).
   rElec:     It insulates you from electricity.
 l - a +6 ring of intelligence (right tentacle)
 o - a +6 ring of strength
 y - a ring of magical power (on tentacle)
 z - an amulet of regeneration
 A - a ring of poison resistance (on tentacle)
 M - an amulet of guardian spirit
 N - the ring "Bomital" (on tentacle) {rCorr Int+4}
   (You acquired it on level 6 of the Lair of Beasts)

   [ring of resist corrosion]

   Int:       It affects your intelligence (+4).
   rCorr:     It protects you from acid and corrosion.
 O - a +4 ring of evasion (on tentacle)
 R - an amulet of magic regeneration
 T - a ring of protection from cold (on tentacle)
 V - a ring of willpower (on tentacle)
 W - an amulet of reflection (around mantle)
 Z - a +4 ring of evasion
Wands
 b - a wand of polymorph (7)
 e - a wand of charming (12)
 s - a wand of iceblast (56)
 C - a wand of acid (25)
 E - a wand of paralysis (20)
Scrolls
 a - 7 scrolls of teleportation
 c - 3 scrolls of immolation
 f - a scroll of enchant armour
 k - 2 scrolls of amnesia
 p - 2 scrolls of fog
 r - 4 scrolls of blinking
 t - 2 scrolls of holy word
 v - 2 scrolls of fear
 w - 8 scrolls of identify
Potions
 g - 5 potions of attraction
 h - a potion of haste
 i - 2 potions of mutation
 m - 8 potions of flight
 q - 5 potions of brilliance
 B - 5 potions of curing
 D - 3 potions of resistance
 F - a potion of lignification
 K - a potion of invisibility
 Q - 2 potions of might
 X - a potion of berserk rage
 Y - a potion of magic


   Skills:
 + Level 4.1 Fighting
 + Level 1.4(3.5) Short Blades
 + Level 5.2(5.3) Long Blades
 + Level 0.3 Maces & Flails
 + Level 4.6 Dodging
 + Level 7.8 Stealth
 + Level 1.1 Shields
 + Level 0.5 Unarmed Combat
 + Level 12.0 Spellcasting
 * Level 15.6 Conjurations
 + Level 1.5 Hexes
 - Level 7.5 Translocations
 * Level 16.2 Fire Magic
 + Level 4.4 Ice Magic
 + Level 3.0 Air Magic
 - Level 7.0 Earth Magic
 - Level 6.1 Invocations
 + Level 1.4 Evocations


You had 6 spell levels left.
You knew the following spells:

 Your Spells              Type           Power      Damage    Failure   Level
a - Foxfire               Conj/Fire      100%       2x1d9     0%          1
b - Conjure Flame         Conj/Fire      97%        6-21      0%          3
c - Inner Flame           Hex/Fire       74%        N/A       1%          3
d - Sticky Flame          Conj/Fire      97%        2d11      1%          4
e - Fireball              Conj/Fire      48%        3d19      1%          5
f - Orb of Destruction    Conj           48%        9d15      2%          7
g - Blink                 Tloc           N/A        N/A       1%          2
h - Bolt of Magma         Conj/Fire/Erth 44%        4d18      1%          5
i - Iskenderun's Mystic   Conj/Tloc      84%        2d17      1%          4

Your spell library contained the following spells:

 Spells                   Type           Power      Damage    Failure   Level
 Magic Dart               Conj           100%       1d8       0%          1
 Searing Ray              Conj           100%       3d7       0%          2
 Animate Skeleton         Necr           44%        N/A       1%          1
 Apportation              Tloc           100%       N/A       1%          1
 Beastly Appendage        Tmut           44%        N/A       1%          1
 Corona                   Hex            37%        N/A       1%          1
 Pain                     Necr           88%        1d8       1%          1
 Shock                    Conj/Air       100%       1d9       1%          1
 Summon Small Mammal      Summ           88%        N/A       1%          1
 Corpse Rot               Necr/Air       N/A        N/A       1%          2
 Poisonous Vapours        Pois/Air       68%        N/A       1%          2
 Static Discharge         Conj/Air       76%        N/A       1%          2
 Dazzling Flash           Conj/Hex       100%       N/A       1%          3
 Frozen Ramparts          Ice            100%       1d12      1%          3
 Gell's Gravitas          Tloc           34%        N/A       1%          3
 Lesser Beckoning         Tloc           34%        N/A       1%          3
 Mephitic Cloud           Conj/Pois/Air  63%        N/A       1%          3
 Ozocubu's Armour         Ice            54%        N/A       1%          3
 Stone Arrow              Conj/Erth      100%       3d13      1%          3
 Swiftness                Air            45%        N/A       1%          3
 Teleport Other           Tloc           69%        N/A       1%          3
 Freezing Cloud           Conj/Ice/Air   34%        6-21      1%          5
 Lightning Bolt           Conj/Air       38%        1d56      1%          5
 Manifold Assault         Tloc           69%        N/A       1%          5
 Starburst                Conj/Fire      48%        8x6d13    1%          6
 Call Imp                 Summ           22%        N/A       2%          2
 Wereblood                Tmut           22%        N/A       2%          2
 Leda's Liquefaction      Hex/Erth       26%        N/A       2%          4
 Summon Guardian Golem    Hex/Summ       28%        N/A       3%          3
 Petrify                  Tmut/Erth      49%        N/A       3%          4
 Spider Form              Tmut/Pois      11%        N/A       4%          3
 Vampiric Draining        Necr           11%        2d7       4%          3
 Conjure Ball Lightning   Conj/Air       38%        3x3d12    5%          6
 Ice Form                 Ice/Tmut       39%        N/A       7%          4
 Summon Ice Beast         Ice/Summ       39%        N/A       7%          4
 Summon Lightning Spire   Summ/Air       34%        N/A       9%          4
 Borgnjor's Vile Clutch   Necr/Erth      24%        N/A       11%         5
 Animate Dead             Necr           11%        N/A       16%         4
 Silence                  Hex/Air        20%        N/A       19%         5
 Agony                    Necr           22%        N/A       41%         5
 Blade Hands              Tmut           11%        N/A       41%         5
 Death Channel            Necr           11%        N/A       94%         6
 Spellforged Servitor     Conj/Summ      35%        N/A       50%         7
 Lehudib's Crystal Spear  Conj/Erth      41%        10d10     71%         8
 Ozocubu's Refrigeration  Ice            27%        4d10      92%         7
 Disjunction              Tloc           34%        N/A       99%         8
 Storm Form               Tmut/Air       17%        N/A       100%        7
 Discord                  Hex            17%        N/A       100%        8
 Necromutation            Tmut/Necr      11%        N/A       100%        8
 Chain Lightning          Conj/Air       38%        3d50      100%        9
 Shatter                  Erth           33%        3d27*     100%        9


Dungeon Overview and Level Annotations

Branches:
Dungeon (11/15)            Temple (1/1) D:4            Lair (6/6) D:8
  Swamp (4/4) Lair:4        Snake (3/4) Lair:3        Slime (0/5) Lair:5
    Orc (2/2) D:11            Elf (0/3) Orc:2       Ossuary (visited)
Volcano (visited)

Altars:
Ashenzari
Cheibriados
Dithmenos
Elyvilon
Fedhas
Gozag
Hepliaklqana
Kikubaaqudgha
Makhleb
Nemelex Xobeh
Okawaru
Qazlal
Ru
Sif Muna
Trog
Uskayaw
Vehumet
Wu Jian
Xom
Yredelemnul
Zin
The Shining One
Beogh
Lugonu

Shops:
D:3 (   Orc:2 ([:(*:[*

Portals:
Abyss: Lair:3

Annotations:
Snake:2 Aizul


Innate Abilities, Weirdness & Mutations

You cannot wear most types of armour.
You are amphibious.
You can wear up to eight rings at the same time.
Your skin changes colour to match your surroundings (Stealth+).
Your rubbery body absorbs attacks. (AC +1, EV +1)
((You are camouflaged near water. (Stealth+)))
You have tentacles for arms and can constrict up to eight enemies at once.


Message History

Unknown command.
You feel sick.
Your black mamba is engulfed in blazing flames.
You kill your black mamba!
Your black mamba's corpse dissolves into shadows!
Aizul is engulfed in blazing flames.
Flame seeps out of Aizul.
You block Aizul's attack.
The salamander shoots an arrow.
The arrow hits you!!
* * * LOW HITPOINT WARNING * * *
The arrow burns you!
* * * LOW HITPOINT WARNING * * *
You climb upwards.
Your summoned ally is left behind.
You feel sick.
There is a stone staircase leading down here.
Press: ? - help, v - describe, . - travel, g - get item
Here: Aizul (moderately wounded, inner flame) Item here: a +0 dire flail.
The floor.
Unknown command.
Press: ? - help, v - describe, . - travel, g - get item
Here: Aizul (moderately wounded, inner flame) Item here: a +0 dire flail.
The floor.
Okay, then.
Unknown command.
Unknown command.
Blink to where?
Press: ? - help, Dir - move target
As you read the scroll of blinking, it crumbles to dust.
You feel sick.
You feel sick.
You feel sick.
You feel yourself speed up.
You feel sick.
You feel sick.
You are no longer poisoned.
You feel better. Aizul casts a spell at you.
You fall asleep.
Aizul yawns, and then pretends she didn't.
Aizul says, "Feeling sleepy?"
Aizul hits you!!!
You die...

####### #.######....####
#.....###.....###...#...
###....[....#.....##...[).
#...........#####..####.##
###.####....# #...........
###..##..## #.......#...
##.<..#..# #.......#...
#.....##S# #......S#...
#...#.#@.####.......###.
##..##....(..#.#.....>)..
#..##..........#.....###.
##.#...........##...)..#.
#.####.........#......##
#..# #....#.####......#.
#..# #....#....##.....#.
#### #.####.....####.###
####.......##.#......#


You could see Aizul (inner flame).

Vanquished Creatures
  The ghost of Odwax the Hoplite, an adept MiFi of Okawaru (Swamp:3)
  Louise (Snake:1)
  2 very ugly things (Swamp:4)
  An orc warlord (Orc:2)
  Nessos (Lair:6)
  3 bunyips
  The ghost of Quacem the Covert, a journeyman GnDe of Ashenzari (Lair:3)
  2 green deaths (Swamp:4)
  A shambling mangrove (Swamp:4)
  15 hydras
  A great orb of eyes (Swamp:4)
  Harold (D:7)
  9 naga warriors
  2 hell beasts (Swamp:4)
  A boulder beetle (Lair:3)
  7 anacondas
  A ghost crab (Swamp:4)
  4 catoblepae
  Erica (Lair:2)
  A centaur warrior (D:9)
  2 dancing weapons
  The ghost of 27snakeeyes612 the Cleaver, a novice MiBe of Trog (D:10)
  2 two-headed ogres
  11 death yaks (Lair:6)
  5 alligators
  An orc high priest (Orc:2)
  2 shock serpents (Snake:1)
  3 spriggans
  3 naga sharpshooters (Snake:2)
  A thrashing horror (Swamp:4)
  A spriggan druid (Swamp:4)
  7 goliath frogs
  The ghost of Froggeryz the Cleaver, a novice HuBe of Trog (D:6)
  7 bog bodies
  7 swamp dragons
  5 wizards (Volcano)
  4 naga ritualists (Snake:2)
  3 orc knights (Orc:2)
  Pikel (D:5)
  A deep elf zephyrmancer (D:9)
  An oklob plant (Lair:5)
  2 salamanders
  8 mana vipers
  5 will-o-the-wisps
  5 ugly things
  3 cyclopes
  3 orc sorcerers (Orc:2)
  7 naga magi
  11 black mambas
  2 manticores (Lair:6)
  Maurice (D:11)
  5 toenail golems (Volcano)
  Joseph (D:7)
  An orange demon (Swamp:4)
  3 guardian serpents
  12 cane toads
  A kobold demonologist (D:10)
  4 rime drakes
  4 komodo dragons
  2 polar bears
  4 trolls
  4 bloated husks
  Grinder (D:3)
  5 hornets
  6 slime creatures (Swamp:4)
  6 dream sheep (Lair:4)
  5 tyrant leeches
  30 blink frogs
  Sigmund (D:5)
  2 wyverns
  53 yaks
  2 vampires
  3 shadows (Swamp:4)
  5 wraiths
  4 basilisks (Lair:6)
  3 steam dragons
  A small abomination (Swamp:4)
  3 vampire mosquitoes (D:7)
  3 wargs
  21 nagas
  20 swamp worms
  Duvessa (D:5)
  An acid dragon (D:10)
  12 water moccasins
  A large abomination (Swamp:4)
  17 orc warriors
  2 sky beasts
  A swamp drake (D:11)
  2 ice beasts
  2 black bears
  A hornet zombie (D:6)
  An ogre (Orc:1)
  3 necrophages
  4 centaurs
  18 wolves
  3 kobold brigands
  16 bullfrogs
  3 wyvern zombies
  Blork the orc (D:4)
  2 water moccasin zombies (Ossuary)
  Dowan (D:5)
  5 killer bees (D:5)
  19 wights
  3 electric eels
  2 howler monkeys (D:7)
  5 centaur zombies
  2 jellies
  2 centaur skeletons
  16 orc priests
  2 hounds
  A bullfrog skeleton (D:4)
  5 iguanas
  Ijyb (D:5)
  18 orc wizards
  7 hell rats (Lair:5)
  2 hound skeletons (D:5)
  2 mummies (Ossuary)
  7 adders
  3 ufetubi
  5 adder zombies (Ossuary)
  A worm (D:2)
  2 dart slugs
  41 orcs
  9 ball pythons
  5 bats
  9 endoplasms
  6 giant cockroaches
  7 goblins
  9 hobgoblins
  2 quokkas
  4 frilled lizards
  4 gnoll zombies (Ossuary)
  6 hobgoblin zombies (Ossuary)
  11 kobolds
  4 kobold zombies (Ossuary)
  5 orc zombies (Ossuary)
  8 rats
  2 lurking horrors (Lair:3)
721 creatures vanquished.

Vanquished Creatures (collateral kills)
  19 foxfires
19 creatures vanquished.

Vanquished Creatures (others)
  A swamp dragon (Swamp:2)
  1519 foxfires
  32 fungi
  65 plants
  4 toadstools (D:1)
1621 creatures vanquished.

Grand Total: 2361 creatures vanquished

Notes
Turn   | Place    | Note
-------+----------+-------------------------------------------
     0 | D:1      | Conn the Octopode Fire Elementalist began the quest for the
                  | Orb.
     0 | D:1      | Reached XP level 1. HP: 11/11 MP: 3/3
   338 | D:1      | Reached XP level 2. HP: 17/17 MP: 1/5
  1279 | D:1      | Found a faded altar of an unknown god.
  1377 | D:1      | Reached XP level 3. HP: 21/21 MP: 3/6
  2124 | D:2      | Found a stormy altar of Qazlal.
  2689 | D:2      | Reached XP level 4. HP: 21/27 MP: 8/8
  3388 | D:2      | Learned a level 3 spell: Conjure Flame
  3392 | D:2      | Learned a level 3 spell: Inner Flame
  3915 | D:3      | Found Buom's Antique Weapon Boutique.
  3953 | D:3      | Noticed Grinder
  3956 | D:3      | Paralysed by Grinder for 3 turns
  3966 | D:3      | Killed Grinder
  3967 | D:3      | Reached skill level 4 in Fire Magic
  3967 | D:3      | Reached XP level 5. HP: 31/31 MP: 0/10
  3967 | D:3      | Reached XP level 6. HP: 36/36 MP: 0/11
  4846 | D:4      | Noticed a black bear
  5046 | D:4      | Killed a black bear
  5047 | D:4      | Reached skill level 5 in Fire Magic
  5047 | D:4      | Reached XP level 7. HP: 42/42 MP: 2/13
  5071 | D:4      | Found a sand-covered staircase.
  5080 | Ossuary  | Entered an ossuary
  5164 | Ossuary  | Learned a level 4 spell: Sticky Flame
  6114 | D:4      | Found a staircase to the Ecumenical Temple.
  6123 | Temple   | Entered the Ecumenical Temple
  6297 | Temple   | Became a worshipper of Sif Muna the Loreminder
  6500 | D:4      | Noticed Blork the orc
  6506 | D:4      | Killed Blork the orc
  6568 | D:4      | Found a glowing silver altar of Zin.
  6859 | D:4      | Found an opulent altar of Gozag.
  6995 | D:5      | Entered Level 5 of the Dungeon
  7278 | D:5      | Reached XP level 8. HP: 47/47 MP: 6/14
  7311 | D:5      | Identified a scroll of acquirement
  7311 | D:5      | Acquired the ring of Puorgh {rElec EV+4 Int+4}
  7520 | D:5      | Reached skill level 5 in Conjurations
  7592 | D:5      | Noticed Duvessa
  7610 | D:5      | Killed Duvessa
  7611 | D:5      | Reached skill level 6 in Fire Magic
  7626 | D:5      | Reached skill level 1 in Fighting
  7681 | D:5      | Noticed Ijyb
  7683 | D:5      | Noticed a yak
  7683 | D:5      | Noticed a yak
  7683 | D:5      | Noticed a yak
  7683 | D:5      | Noticed a yak
  7683 | D:5      | Noticed a yak
  7690 | D:5      | Killed Ijyb
  7707 | D:5      | Noticed Dowan
  7861 | D:5      | Killed Dowan
  7862 | D:5      | Reached skill level 1 in Short Blades
  7996 | D:3      | Bought a brightly glowing falchion for 168 gold pieces
  7996 | D:3      | Identified the +10 falchion "Dragonbane" {freeze, MP+9
                  | Str+4 Dex+7} (You bought it in a shop on level 3 of the
                  | Dungeon)
  8140 | D:5      | Noticed Sigmund
  8147 | D:5      | Killed Sigmund
  8148 | D:5      | Reached skill level 5 in Spellcasting
  8248 | D:5      | Noticed Pikel
  8266 | D:5      | Killed Pikel
  8267 | D:5      | Reached skill level 7 in Fire Magic
  8267 | D:5      | Reached XP level 9. HP: 54/54 MP: 12/17
  8673 | D:5      | Found a glowing golden altar of the Shining One.
  8874 | D:6      | Found a runed translucent gate.
  8875 | D:6      | Found a runed translucent gate.
  9003 | D:6      | Found a runed translucent gate.
  9007 | D:6      | Noticed Froggeryz's ghost (novice HuBe)
  9027 | D:6      | Reached skill level 1 in Long Blades
  9284 | D:7      | Reached skill level 5 in Stealth
  9473 | D:7      | Reached skill level 8 in Fire Magic
  9547 | D:7      | Noticed Harold
  9555 | D:7      | Reached * piety under Sif Muna
  9558 | D:7      | Reached skill level 1 in Evocations
  9558 | D:7      | Killed Harold
  9559 | D:7      | Reached skill level 1 in Hexes
  9559 | D:7      | Reached XP level 10. HP: 41/61 MP: 19/19
  9657 | D:7      | Learned a level 5 spell: Fireball
  9663 | D:7      | Learned a level 5 spell: Freezing Cloud
 10298 | D:6      | Killed Froggeryz's ghost
 10299 | D:6      | Reached skill level 1 in Ice Magic
 10487 | D:7      | Reached skill level 9 in Fire Magic
 11490 | D:7      | Found a hide-covered altar of Uskayaw.
 11490 | D:7      | Found an iron altar of Okawaru.
 11546 | D:7      | Noticed Joseph
 11554 | D:7      | Killed Joseph
 12035 | D:8      | Reached ** piety under Sif Muna
 12389 | D:8      | Found a staircase to the Lair.
 13267 | D:9      | Reached XP level 11. HP: 67/67 MP: 21/21
 13366 | D:9      | Noticed a white ugly thing
 13382 | D:9      | Killed a white ugly thing
 13584 | D:9      | Noticed a centaur warrior
 13593 | D:9      | Killed a centaur warrior
 13636 | D:9      | Noticed a deep elf zephyrmancer
 13639 | D:9      | Killed a deep elf zephyrmancer
 14347 | D:10     | Entered Level 10 of the Dungeon
 14535 | D:10     | Found a runed translucent gate.
 14535 | D:10     | Found a runed translucent gate.
 14535 | D:10     | Found a runed translucent gate.
 14536 | D:10     | Noticed 27snakeeyes612's ghost (novice MiBe)
 14553 | D:10     | Killed 27snakeeyes612's ghost
 14554 | D:10     | Reached skill level 10 in Fire Magic
 15056 | D:10     | Noticed a two-headed ogre
 15064 | D:10     | Killed a two-headed ogre
 15271 | D:10     | Reached *** piety under Sif Muna
 15822 | D:10     | Found a shimmering altar of Xom.
 15921 | D:11     | Noticed Maurice
 15924 | D:11     | Killed Maurice
 16047 | D:11     | Noticed a cyclops
 16053 | D:11     | Killed a cyclops
 16083 | D:11     | Found a staircase to the Orcish Mines.
 16538 | D:11     | Reached XP level 12. HP: 72/74 MP: 23/23
 17140 | D:11     | Reached skill level 10 in Conjurations
 17140 | D:11     | Reached skill level 11 in Fire Magic
 17204 | D:11     | Noticed a two-headed ogre
 17219 | D:11     | Killed a two-headed ogre
 17220 | D:11     | Reached skill level 1 in Air Magic
 17334 | Orc:1    | Entered Level 1 of the Orcish Mines
 17347 | Orc:1    | Reached **** piety under Sif Muna
 17558 | Orc:2    | Entered Level 2 of the Orcish Mines
 17558 | Orc:2    | Found a staircase to the Elven Halls.
 17564 | Orc:2    | Found Zuqoezapt's Weapon Boutique.
 18365 | Orc:2    | Noticed an orc high priest
 18376 | Orc:2    | Killed an orc high priest
 18377 | Orc:2    | Reached skill level 1 in Invocations
 18569 | Orc:2    | Noticed an orc warlord
 18871 | Orc:2    | Killed an orc warlord
 19476 | Orc:2    | Found Plog's Antique Weapon Shop.
 19518 | Orc:2    | Found Kaqaamot's Antique Armour Shop.
 19523 | Orc:2    | Found Niddyqok's Book Shop.
 19555 | Orc:2    | Found Qeoqof's General Store.
 19565 | Orc:2    | Bought a scroll of blinking for 105 gold pieces
 19576 | Orc:2    | Found Vuloowk's Book Boutique.
 19579 | Orc:2    | Found Guij's Antique Armour Boutique.
 19779 | Orc:2    | Found Wipolos's General Store.
 19841 | Orc:2    | Bought an Inescapable Atlas for 578 gold pieces
 19844 | Orc:2    | Learned a level 2 spell: Blink
 20638 | Lair:1   | Entered Level 1 of the Lair of Beasts
 20901 | Lair:1   | Reached skill level 1 in Translocations
 20903 | Lair:1   | Reached XP level 13. HP: 31/79 MP: 25/25
 21145 | Lair:1   | Reached skill level 12 in Fire Magic
 21783 | Lair:2   | Reached ***** piety under Sif Muna
 21876 | Lair:2   | Received a gift from Sif Muna
 22648 | Lair:3   | Found a runed translucent door.
 22650 | Lair:3   | Found a shimmering altar of Xom.
 22650 | Lair:3   | Noticed Quacem's ghost (journeyman GnDe)
 22685 | Lair:3   | Found a corrupted altar of Lugonu.
 22685 | Lair:3   | Found a one-way gate to the infinite horrors of the Abyss.
 22784 | Lair:3   | Found a staircase to the Snake Pit.
 23362 | Lair:2   | Got Sif Muna's Volume of Unstable Ignition {god gift}
 23369 | Lair:2   | Learned a level 5 spell: Bolt of Magma
 23743 | Lair:2   | Reached skill level 1 in Earth Magic
 23747 | Lair:2   | Noticed Erica
 23750 | Lair:2   | Killed Erica
 23751 | Lair:2   | Reached skill level 5 in Invocations
 23913 | Lair:2   | Identified the +6 dire flail "Uhediw" {flame, rElec rPois
                  | rF+ rC-}
 24421 | Lair:4   | Reached skill level 5 in Long Blades
 24547 | Lair:4   | Reached XP level 14. HP: 80/85 MP: 0/27
 24724 | Lair:4   | Found a staircase to the Swamp.
 25006 | Lair:4   | Reached skill level 13 in Fire Magic
 25531 | Lair:5   | Received a gift from Sif Muna
 25534 | Lair:5   | Got Sif Muna's Papyrus of Weightlessness {god gift}
 25592 | Lair:5   | Identified the +6 mace of Conn's Sudden Death {freeze, rF+
                  | MP+9 Int+2 Stlth+}
 26013 | Lair:5   | Found a staircase to the Slime Pits.
 26092 | Lair:5   | Found a dark tunnel.
 26097 | Volcano  | Entered a volcano
 26586 | Volcano  | Identified the +0 helmet of Crawling {rF+ Will+ Dex+4
                  | Stlth+}
 27372 | Lair:5   | Learned a level 4 spell: Iskenderun's Mystic Blast
 27953 | Lair:6   | Entered Level 6 of the Lair of Beasts
 28820 | Lair:6   | Noticed Nessos
 28829 | Lair:6   | Acquired the ring "Bomital" {rCorr Int+4}
 29602 | Lair:6   | Killed Nessos
 29802 | Lair:6   | Reached skill level 14 in Fire Magic
 29819 | Lair:6   | Reached skill level 10 in Spellcasting
 29843 | Lair:6   | Reached XP level 15. HP: 52/90 MP: 3/29
 30167 | Lair:6   | Reached skill level 5 in Translocations
 31638 | Snake:1  | Entered Level 1 of the Snake Pit
 32032 | Orc:2    | Bought a book of Dangerous Friends for 560 gold pieces
 32041 | Orc:2    | Learned a level 7 spell: Orb of Destruction
 32242 | Lair:3   | Killed Quacem's ghost
 32347 | Swamp:1  | Entered Level 1 of the Swamp
 32644 | Swamp:1  | Identified the +6 flail of the Lair of Beasts {venom, Fly
                  | rElec rF++ rC-}
 32905 | Swamp:1  | Reached skill level 5 in Earth Magic
 34062 | Swamp:2  | Identified the +3 ring mail "Joneipn" {Will+ Str+4 Int-2
                  | Stlth+}
 35051 | Swamp:3  | Found a runed translucent gate.
 35051 | Swamp:3  | Found a runed translucent gate.
 35051 | Swamp:3  | Found a runed translucent gate.
 35055 | Swamp:3  | Noticed Odwax's ghost (adept MiFi)
 35501 | Swamp:3  | Killed Odwax's ghost
 35502 | Swamp:3  | Reached skill level 15 in Fire Magic
 35502 | Swamp:3  | Reached XP level 16. HP: 85/95 MP: 21/30
 35732 | Swamp:4  | Entered Level 4 of the Swamp
 35746 | Swamp:4  | Received a gift from Sif Muna
 36185 | Swamp:4  | Got Sif Muna's Disquisition on Attacks {god gift}
 37831 | Swamp:4  | Got a decaying rune of Zot
 38031 | Swamp:4  | Received a gift from Sif Muna
 38130 | Swamp:4  | Got Sif Muna's Almanac of Enthralling Arcane Weapons {god
                  | gift}
 38353 | Swamp:3  | Identified the +5 hunting sling of Bankruptcy {freeze,
                  | Contam rF+ rCorr Stlth+}
 39001 | Snake:1  | Reached skill level 15 in Conjurations
 39036 | Snake:1  | Noticed Louise
 39043 | Snake:1  | Killed Louise
 39093 | Snake:1  | Found an ornate altar of the Wu Jian Council.
 39338 | Snake:1  | Reached XP level 17. HP: 44/99 MP: 32/32
 40398 | Snake:2  | Reached skill level 1 in Shields
 40496 | Snake:2  | Reached skill level 16 in Fire Magic
 41396 | Snake:2  | Identified the +3 robe of Quantum Leap {rElec rC+ Slay+3
                  | Stlth+}
 41966 | Snake:3  | Noticed Aizul
 41991 | Snake:2  | Annihilated by Aizul

Illustrated notes

Levels and vault maps discovered:
D:1:      ldierk_walled_garden_2, layout_basic,
          hellmonk_ecumenical_altar_blasted
D:2:      layout_loops_ring, basic_altar, kennysheep_generic_room_9
D:3:      layout_basic, serial_shops,
          nicolae_shop_temple_entry_statues_fountains, uniq_grinder
D:4:      layout_cave_pods, mainiacjoe_overflow_tiny_flanked, zin_treasury,
          minmay_temple_entry_glass, nicolae_ossuary_entry_ruins,
          uniq_blork_the_orc
D:5:      layout_loops_ring, tso_altar, solitary_fountain, uniq_pikel,
          uniq_duvessa, uniq_sigmund, uniq_ijyb
D:6:      layout_basic, gammafunk_ghost_split
D:7:      layout_basic, gammafunk_temple_overflow_wave,
          amcnicky_mini_corridor_feature, kennysheep_cross_room,
          minmay_misc_feat_five, uniq_joseph, uniq_harold
D:8:      layout_loops_ring, lair_entry_dummy, chequers_garden
D:9:      layout_irregular_city, minmay_three_doors
D:10:     layout_irregular_city, lemuel_coloured_pillars_altar,
          gammafunk_ghost_spectres
D:11:     layout_loops_ring, erik_orc_1, kennysheep_generic_room_8, uniq_maurice
Temple:   regret_index_temple_sphere_string
Lair:1:   layout_regular_city
Lair:2:   layout_regular_city, minmay_holes, grunt_megastairs_1, uniq_erica
Lair:3:   layout_roguey, guppyfry_snake_entry_garden, ebering_ghost_xom,
          amcnicky_altar_lugonu_corruption
Lair:4:   layout_loops_ring, swamp_mist, serial_rivers,
          chequers_serial_rivers_micro_d, chequers_serial_rivers_micro_b,
          chequers_serial_rivers_small_3, chequers_serial_rivers_micro_e,
          chequers_serial_rivers_room_b, chequers_serial_rivers_room_a
Lair:5:   layout_layer_cave, minmay_slime_entry_oklob_open,
          nicolae_volcano_entry_s_turn, minivault_27, lemuel_fruit_fields,
          serial_bayou_shore_a
Lair:6:   evilmike_catoblepas_cave, layout_gridlike, infiniplex_staircase_pool,
          grunt_megastairs_2, uniq_nessos
Swamp:1:  layout_falls_marsh, evilmike_swamp_ruin_house_5, swamp_pool3,
          nicolae_swamp_dense_foliage
Swamp:2:  layout_basic_swamp, nicolae_swamp_fairy_circle
Swamp:3:  layout_basic_swamp, gammafunk_ghost_hydra_chop,
          infiniplex_staircase_pool_2
Swamp:4:  swamp_vile, layout_basic_swamp
Snake:1:  layout_rooms, basic_altar, uniq_louise
Snake:2:  layout_honeycomb
Snake:3:  layout_onion_interference, lemuel_fruit_tree, uniq_aizul, uniq_vashnia
Orc:1:    layout_caves
Orc:2:    grunt_orc_cross, layout_caves, serial_shops, shop, shop, shop, shop,
          basic_altar, library_closet

Skill      XL: |  1  2  3  4  5  6  7  8  9 10 11 12 13 14 15 16 17 |
---------------+----------------------------------------------------+-----
Stealth        | 3 4 5 6 7 |  7.8
Spellcasting   | 3 4 5 6 7 8 9 10 11 12 | 12.0
Conjurations   | 2 3 4 6 7 8 9 11 12 13 15 | 15.6
Fire Magic     | 4 5 7 8 9 10 11 12 14 15 16 | 16.2
Fighting       | 1 2 3 4 |  4.1
Short Blades   | 1 |  1.4
Long Blades    | 2 3 4 5 |  5.2
Dodging        | 3 4 |  4.6
Evocations     | 1 |  1.4
Hexes          | 1 |  1.5
Ice Magic      | 2 4 |  4.4
Air Magic      | 2 3 |  3.0
Invocations    | 2 5 6 |  6.1
Translocations | 1 3 4 6 7 |  7.5
Earth Magic    | 2 4 5 7 |  7.0
Shields        | 1 |  1.1
Maces & Flails | |  0.3
Unarmed Combat | |  0.5

Action                   |  1- 3 |  4- 6 |  7- 9 | 10-12 | 13-15 | 16-18 || total
-------------------------+-------+-------+-------+-------+-------+-------++-------
Melee: Unarmed           |    17 |       |       |     4 |       |       ||    21
       Dagger            |    24 |    26 |    32 |       |       |       ||    82
       Constrict         |    10 |     7 |     9 |    28 |    21 |       ||    75
       Tentacles         |     5 |     5 |    16 |    39 |    29 |     2 ||    96
       Falchion          |       |       |    20 |   119 |    63 |       ||   202
       Mace              |       |       |       |       |    29 |    18 ||    47
 Cast: Foxfire           |    67 |    94 |   176 |   200 |   279 |    90 ||   906
       Conjure Flame     |       |     1 |    10 |    10 |     2 |       ||    23
       Inner Flame       |       |       |     6 |     4 |     1 |       ||    11
       Sticky Flame      |       |       |     4 |    33 |    63 |     5 ||   105
       Fireball          |       |       |       |   100 |   230 |    88 ||   418
       Freezing Cloud    |       |       |       |     1 |     5 |       ||     6
       Bolt of Magma     |       |       |       |       |    68 |   114 ||   182
       Blink             |       |       |       |       |     4 |     4 ||     8
       Iskenderun's Myst |       |       |       |       |     3 |    12 ||    15
       Orb of Destructio |       |       |       |       |     5 |    20 ||    25
Invok: Channel Magic     |       |       |       |       |     6 |     3 ||     9
Evoke: Wand              |       |       |     5 |     1 |     3 |       ||     9
  Use: Potion            |       |     1 |     2 |     9 |     5 |     3 ||    20
       Scroll            |       |       |    10 |    17 |    12 |     5 ||    44
 Stab: Sleeping          |     3 |     6 |     2 |     7 |     4 |       ||    22
       Invisible         |       |       |       |     3 |       |       ||     3
Armor: Skin              |     3 |     1 |     1 |     9 |     1 |     1 ||    16
Dodge: Dodged            |    21 |    22 |    68 |   149 |   147 |    81 ||   488
Block: Other             |       |       |       |       |     3 |    14 ||    17
       Reflection        |       |       |       |       |     1 |       ||     1
       Rpst.: Falchion   |       |       |     8 |    29 |    20 |       ||    57

Table legend: (Time is in decaauts)
 A = Elapsed time spent in this place.
 B = Non-inter-level travel time spent in this place.
 C = Inter-level travel time spent in this place.
 D = Time resting spent in this place.
 E = Time spent auto-exploring this place.
 F = Levels seen in this place.
 G = Mean time per level.
                   A        B        C        D        E       F      G
               +--------+--------+--------+--------+--------+-----+--------+
         Total |  42039 |  40735 |   1304 |   7360 |  25536 |  29 | 1449.6 |
       Dungeon |  16711 |  15979 |    732 |   1707 |  11298 |  11 | 1519.2 |
        Temple |    202 |    174 |     28 |      0 |    153 |   1 |  202.0 |
          Lair |  10778 |  10461 |    317 |   2092 |   6321 |   6 | 1796.3 |
         Swamp |   6063 |   5989 |     74 |   1773 |   3204 |   4 | 1515.8 |
     Snake Pit |   3573 |   3543 |     30 |    497 |   2470 |   3 | 1191.0 |
  Orcish Mines |   3226 |   3104 |    122 |    882 |   1409 |   2 | 1613.0 |
       Ossuary |    797 |    797 |      0 |    107 |    521 |   1 |  797.0 |
       Volcano |    686 |    686 |      0 |    302 |    160 |   1 |  686.0 |
               +--------+--------+--------+--------+--------+-----+--------+

Top non-repeatable levels by time:
  Lair:6: 3174 daAuts
   Orc:2: 2322 daAuts
 Swamp:4: 2178 daAuts
 Snake:2: 2147 daAuts
  Lair:5: 2078 daAuts
     D:1: 2057 daAuts
    D:10: 1867 daAuts
     D:7: 1823 daAuts
     D:9: 1796 daAuts
  Lair:3: 1578 daAuts
     D:4: 1556 daAuts
 Swamp:3: 1470 daAuts
  Lair:4: 1466 daAuts
     D:2: 1432 daAuts
     D:5: 1426 daAuts
